AoeStats
← The Chinese are all stupid

Nomad

509107353Analyzed
4v4 RM · 5d ago on Sep 25, 2026· 39m 25s· 8 players
Game mode
Random Map
Map size
231×231
Population
200
Speed
Normal
Resources
Standard
Victory
Conquest
Starting age
Dark Age
Ending age
Imperial Age
RankedLock teamsTeams togetherTeam positionsShared explorationLock speedFull tech treeHidden civsTurbo modeCheats
Victory
Defeat
🇨🇳 Persians · China
1406
+12
🇦🇷 Koreans · Argentina
1402
+13
🇺🇸 Lithuanians · United States
1356
+14
🇨🇳 Varangians · China
1330
+16
🇲🇽 Saxons · Mexico
1347
-15
🇬🇧 Danes · United Kingdom
1346
-15
🇮🇶 Persians · Iraq
1317
-13
🇮🇹 Koreans · Italy
1290
-12
woodyshaack
4:45 Loom
13:10 Feudal Age
13:45 Double-Bit Axe
17:06 Fletching
24:01 Town Watch
25:43 Wheelbarrow
24:54 Town Watch
29:11 Castle Age
27:35 Horse Collar
27:59 Fishing Lines
29:16 Wheelbarrow
29:51 Bodkin Arrow
30:15 Bow Saw
31:43 Gold Mining
34:28 Ballistics
35:11 Careening
37:58 Hand Cart
Advanced Farming Research Centre
3:51 Loom
12:25 Feudal Age
17:58 Castle Age
16:21 Stone Mining
27:54 Fletching
28:43 Double-Bit Axe
31:55 Bodkin Arrow
36:38 Horse Collar
38:03 Heavy Plow
39:01 Masonry
Tonytony_Chopper
5:35 Loom
14:35 Feudal Age
19:41 Castle Age
17:27 Double-Bit Axe
18:10 Gold Mining
21:12 Bow Saw
21:00 Fletching
21:57 Bodkin Arrow
21:59 Fishing Lines
24:41 Ballistics
27:20 Husbandry
28:15 Wheelbarrow
34:51 Imperial Age
33:12 Horse Collar
34:52 Gillnets
36:08 Bracer
37:59 Chemistry
ahmady sulaymani
3:57 Loom
16:02 Feudal Age
17:09 Fishing Lines
17:51 Double-Bit Axe
17:48 Horse Collar
24:58 Castle Age
23:39 Stone Mining
23:41 Gold Mining
24:58 Wheelbarrow
26:37 Bow Saw
26:29 Heavy Plow
28:56 Gold Shaft Mining
29:07 Hand Cart
36:29 Imperial Age
34:21 Kamandaran
默默发育
5:53 Loom
13:13 Feudal Age
17:07 Castle Age
17:06 Double-Bit Axe
19:32 Horse Collar
26:12 Bow Saw
27:21 Wheelbarrow
26:37 Town Watch
27:37 Forging
31:09 Gold Mining
32:21 Iron Casting
36:40 Imperial Age
36:37 Hand Cart
36:29 Heavy Plow
39:13 Conscription
38:22 Cavalier
39:13 Bloodlines
39:24 Husbandry
The Chinese are all stupid
4:45 Loom
12:07 Feudal Age
14:02 Town Watch
15:58 Fletching
21:35 Castle Age
20:04 Fishing Lines
20:22 Gold Mining
20:20 Double-Bit Axe
22:31 Medium Warships
24:44 Bow Saw
25:21 Horse Collar
26:19 Wheelbarrow
27:18 Gold Mining
27:23 Stone Mining
30:35 Heavy Plow
31:59 Gillnets
35:10 Imperial Age
33:06 Scale Barding Armor
33:12 Forging
34:14 Chain Barding Armor
35:14 Iron Casting
34:52 Bloodlines
35:58 Husbandry
35:36 Cavalier
36:53 Plate Barding Armor
37:42 Two-Man Saw
37:04 Hand Cart
37:34 Conscription
秦墨子
4:02 Loom
12:49 Feudal Age
14:23 Wheelbarrow
13:36 Double-Bit Axe
16:23 Gold Mining
20:27 Castle Age
18:47 Horse Collar
19:05 Fletching
19:16 Padded Archer Armor
21:21 Hand Cart
21:41 Medium Warships
21:56 Bodkin Arrow
22:29 Hand Cart
25:08 Husbandry
25:19 Bloodlines
28:19 Herbal Medicine
28:41 Bloodlines
28:43 Forging
29:26 Town Watch
30:10 Scale Barding Armor
32:10 Iron Casting
32:05 Chain Barding Armor
34:37 Bow Saw
35:06 Gold Shaft Mining
34:34 Heavy Plow
38:45 Imperial Age
38:24 Cavalier
39:11 Light Cavalry
Marthyn
3:57 Loom
13:26 Feudal Age
14:27 Double-Bit Axe
15:23 Fletching
16:08 Town Watch
27:40 Castle Age
39:45 Horse Collar
Connection lost

Rejoining the realm…

Still unreachable

The connection could not be restored.

Session expired

The server has moved on; the page needs a fresh start.